Map: Frozen Temple

Players

Nickos - Winner!

  • Race: Terran Terran
  • League: Gold

Action

  • Race: Protoss Protoss
  • League: Gold

VOD

Have the link to the VOD?

Description

Time

  • Played on: Sept. 21, 2016, 6:54 a.m.
  • Length: 9:31
Show
View Real Time Build Order
Export as new Build Order

Nickos Terran - Winner!

Build Orders:  

Get SALT Encoding   

  12  0:01  SCV  
  13  0:13  SCV  
  14  0:25  SCV  
  14  0:27  Supply Depot  
  15  0:48  SCV  
  16  0:51  Barracks  
  16  1:01  SCV  
  17  1:15  Command Center  
  17  1:18  SCV  
  18  1:30  SCV  
  19  1:39  Marine  
  20  1:43  Orbital Command  
  20  1:50  Supply Depot  
  20  1:57  Marine  
  21  2:09  Barracks  
  21  2:11  SCV  
  21  2:14  Barracks  
  22  2:16  Refinery  
  22  2:21  Refinery  
  22  2:28  SCV  
  23  2:31  Orbital Command  
  23  2:40  SCV, Marine  
  24  2:53  SCV  
  24  2:58  SCV  
  26  3:05  SCV  
  27  3:10  SCV  
  28  3:16  Barracks Tech Lab  
  28  3:17  Barracks Reactor, SCV  
  28  3:18  Barracks Reactor  
  29  3:22  SCV  
  30  3:29  SCV  
  30  3:32  Supply Depot  
  31  3:34  SCV  
  33  3:41  SCV  
  33  3:45  Marauder  
  33  3:46  SCV  
  36  3:53  SCV  
  36  3:54  Supply Depot  
  37  3:55  Factory  
  37  3:58  SCV  
  37  4:00  Barracks  
  38  4:03  Barracks  
  38  4:05  SCV  
  39  4:10  SCV  
  40  4:17  SCV  
  40  4:18  Bunker, Marine x5  
  40  4:23  SCV  
  47  4:29  SCV  
  48  4:35  Marine, SCV  
  48  4:37  Marauder  
  52  4:44  Engineering Bay  
  52  4:45  Factory Reactor  
  52  4:46  Engineering Bay  
  52  4:53  Starport  
  52  4:57  SCV x2  
  52  4:58  Marauder  
  52  4:59  Marine x2  
  58  5:00  Supply Depot  
  58  5:01  Marine  
  58  5:02  Marine  
  60  5:20  Marine x3  
  57  5:21  Barracks Reactor x2  
  48  5:39  Marine x2  
  48  5:41  Marine  
  48  5:42  Marine x2  
  49  5:52  SCV  
  49  5:53  SCV  
  49  5:57  Marine x2  
  49  5:59  Marine  
  49  6:00  Marauder  
  49  6:03  Bunker, Marine  
  50  6:05  SCV  
  50  6:08  Marine  
  50  6:09  Marine  
  45  6:19  SCV x2  
  45  6:20  Marine  
  45  6:21  Marine  
  48  6:31  SCV x2  
  48  6:32  Marine  
  50  6:33  Marine  
  50  6:35  Liberator  
  52  6:44  SCV x2  
  52  6:46  Marine  
  58  6:56  SCV x2  
  58  6:59  Marine x3  
  58  7:00  Marine x2  
  64  7:04  Marine x2  
  63  7:09  Marine x2  
  63  7:11  Medivac  
  63  7:14  Terran Infantry Armor Level 1  
  67  7:18  SCV x2  
  69  7:24  Supply Depot  
  69  7:25  Marine  
  69  7:26  Marine  
  71  7:30  SCV  
  68  7:56  Marine x3  
  71  7:59  Marine x3  
  71  8:00  Marine  
  71  8:01  Medivac x2  
  79  8:07  SCV  
  79  8:08  SCV  
  81  8:15  Marine  
  81  8:16  Marine x4  
  86  8:30  Supply Depot  
  86  8:31  Medivac, Marine x4  
  86  8:32  Supply Depot  
  86  8:33  Marine x2  
  94  8:36  Supply Depot  
  94  8:50  Marine  
  94  8:51  Marine  
  95  8:59  Marine  
  95  9:00  Marine x5  
  95  9:01  Marine  
  102  9:07  Marine  
  102  9:09  Marine  
Show
View Real Time Build Order
Export as new Build Order

Action Protoss 

Build Orders:  

Get SALT Encoding   

  12  0:01  Probe (Chrono Boost)  
  13  0:11  Probe (Chrono Boost)  
  14  0:22  Probe (Chrono Boost)  
  14  0:25  Pylon  
  15  0:43  Probe (Chrono Boost)  
  15  0:44  Gateway  
  16  0:50  Assimilator  
  16  0:53  Probe (Chrono Boost)  
  16  0:56  Assimilator  
  18  1:04  Probe (Chrono Boost)  
  18  1:13  Pylon  
  18  1:23  Probe (Chrono Boost)  
  19  1:33  Probe (Chrono Boost)  
  20  1:43  Cybernetics Core  
  20  1:44  Probe (Chrono Boost)  
  21  1:49  Gateway  
  21  1:54  Probe (Chrono Boost)  
  22  2:06  Warp Gate  
  22  2:19  Gateway  
  22  2:20  Pylon  
  22  2:27  Mothership Core (Chrono Boost)  
  22  2:28  Adept  
  26  2:36  Pylon  
  26  2:56  Gateway  
  26  3:03  Gateway  
  26  3:10  Adept  
  30  3:12  Adept  
  32  3:20  Adept  
  32  3:34  Gateway  
  32  3:40  Adept  
  34  3:50  Adept  
  36  4:01  Pylon  
  36  4:09  Pylon  
  36  4:16  Pylon  
  36  4:33  Stalker x3  
  42  4:40  Probe (Chrono Boost)  
  43  4:48  Stalker  
  43  4:52  Stalker  
  43  5:15  Stalker x3  
  41  5:43  Adept x2  
  41  5:44  Adept x2  
  35  5:58  Stalker x2  
  37  6:16  Adept  
  37  6:17  Adept x2  
  43  6:39  Stalker x2  
  47  6:40  Stalker  
  45  7:09  Adept x3  
  45  7:10  Adept x2  
  49  8:03  Stalker x4  
  49  8:04  Stalker x2  
  55  8:46  Adept x5  
Tags
 
Add a new tag
Caveats
  • Supply blocks, unpowered buildings, or Contaminate may cause inaccurate times.
  • Supply counts are checked every 10 seconds.